 Dungeon Crawl Stone Soup version 0.27.1-34-g3ba077fa99 (webtiles) character file.

Game seed: 12211727369138390950

172 Delamore the Sneak (level 5, -7/34 HPs)
             Began as an Octopode Brigand on Jan 16, 2022.
             Killed from afar by a gnoll (23 damage)
             ... with a bolt of acid
             ... on level 4 of the Dungeon.
             The game lasted 00:02:41 (2625 turns).

Delamore the Sneak (Octopode Brigand)               Turns: 2625, Time: 00:02:42

Health: -7/34      AC:  1    Str: 10    XL:     5   Next: 52%
Magic:  5/5        EV: 12    Int: 14    God:
Gold:   28         SH:  0    Dex: 14    Spells: 4/4 levels left

rFire    . . .     SeeInvis .   a - +2 dagger
rCold    . . .     Faith    .   (no shield)
rNeg     . . .     Spirit   .   (helmet restricted)
rPois    .         Reflect  .   (no amulet)
rElec    .         Harm     .   (no ring)
rCorr    .         Rampage  .   (no ring)
Will     .....                  (no ring)
Stlth    ++........             (no ring)
HPRegen  0.11/turn              (no ring)
MPRegen  0.09/turn              (no ring)
                                (no ring)
                                (no ring)

@: lit by a corona, glowing
A: almost no armour, amphibious, 8 rings, camouflage 1, gelatinous body 1,
(nimble swimmer 1), tentacles
a: no special abilities


You were on level 4 of the Dungeon.
You visited 1 branch of the dungeon, and saw 4 of its levels.

You collected 133 gold pieces.
You spent 105 gold pieces at shops.

Inventory:

Hand Weapons
 a - a +2 dagger (weapon)
Missiles
 b - 45 poisoned darts (quivered)
 c - 6 curare-tipped darts
Scrolls
 d - a scroll of teleportation
 f - a scroll of noise
 g - a scroll of enchant armour {unknown}
 j - a scroll of torment {unknown}
 n - a scroll of fog
 o - a scroll of fear
Potions
 e - a potion of might {unknown}
 h - 3 potions of flight {unknown}
 i - a potion of magic {unknown}
 k - a potion of ambrosia {unknown}
 l - a potion of lignification {unknown}
 m - a potion of haste {unknown}


   Skills:
 - Level 2.0 Fighting
 + Level 3.2 Short Blades
 + Level 2.9 Throwing
 - Level 1.0 Dodging
 * Level 7.7 Stealth


You had 4 spell levels left.
You didn't know any spells.
Your spell library contained the following spells:

 Spells                   Type           Power      Damage    Failure   Level
 Foxfire                  Conj/Fire      0%         2x1d4     28%         1
 Conjure Flame            Conj/Fire      0%         6-21      65%         3
 Inner Flame              Hex/Fire       0%         N/A       65%         3


Dungeon Overview and Level Annotations

Branches:
Dungeon (4/15)
 Temple: D:4-7

Altars:
Dithmenos

Shops:
D:1 (   D:2 ?

Annotations:
D:4 Grinder


Innate Abilities, Weirdness & Mutations

You cannot wear most types of armour.
You are amphibious.
You can wear up to eight rings at the same time.
Your skin changes colour to match your surroundings (Stealth+).
Your rubbery body absorbs attacks. (AC +1, EV +1)
((You are camouflaged near water. (Stealth+)))
You have tentacles for arms and can constrict up to eight enemies at once.


Message History

You constrict the gnoll.
You kill the gnoll!
You hit the gnoll.
You kill the gnoll!
You start resting.
A gnoll shaman is nearby!
The gnoll shaman shouts!
You barely miss the gnoll shaman. Your grab misses the gnoll shaman.
A gnoll comes into view.
It is wielding a +0 whip and carrying a wand of acid (8).
The gnoll shaman hits you with a +0 whip.
You hit the gnoll shaman. You grab the gnoll shaman.
The gnoll shaman is moderately wounded.
You constrict the gnoll shaman, but do no damage.
You hit the gnoll shaman.
The gnoll shaman is moderately wounded.
You constrict the gnoll shaman, but do no damage.
The gnoll shaman barely misses you.
You hit the gnoll shaman. Your squeeze misses the gnoll shaman.
The gnoll shaman is heavily wounded.
You constrict the gnoll shaman, but do no damage.
The gnoll shaman struggles to escape constriction.
You hit the gnoll shaman but do no damage.
You squeeze the gnoll shaman.
The gnoll shaman is heavily wounded.
You constrict the gnoll shaman. The gnoll shaman barely misses you.
You hit the gnoll shaman but do no damage.
The gnoll shaman is heavily wounded.
You constrict the gnoll shaman.
The gnoll shaman escapes!
The gnoll shaman invokes the aid of its god against you.
You are outlined in light.
Grinder comes into view.
There is an open door here.
Grinder blinks!
Things that are here:
a +0 club; a goblin corpse The gnoll shaman utters an invocation to its god.
The gnoll shaman is healed somewhat.
The gnoll zaps a wand.
The bolt of acid hits you!!
Ouch! That really hurt!
You die...

##....#...#5.....####
#(....'...'..........#
#.....#...#..........#
#.....#.).#..........#
#.####..g.#..........#
#.# #g..##......)...#
#.# #...#######.....#
###.####...# .....#
#......@...# #####
#.#.###....# #...#
#....# ##### #.####
#.# #<# ###


You could see a gnoll shaman and a gnoll.

Vanquished Creatures
  Jessica (D:3)
  Terence (D:2)
  3 gnolls (D:4)
  3 adders
  3 worms
  3 dart slugs
  4 ball pythons
  3 endoplasms
  3 giant cockroaches
  5 goblins
  5 hobgoblins
  4 jackals (D:2)
  3 quokkas
  6 bats
  3 frilled lizards
  2 kobolds
  4 rats
56 creatures vanquished.

Vanquished Creatures (others)
  2 fungi (D:3)
  3 plants (D:3)
5 creatures vanquished.

Grand Total: 61 creatures vanquished

Notes
Turn   | Place    | Note
-------+----------+-------------------------------------------
     0 | D:1      | Delamore the Octopode Brigand began the quest for the Orb.
     0 | D:1      | Reached XP level 1. HP: 14/14 MP: 1/1
    94 | D:1      | Reached XP level 2. HP: 19/19 MP: 2/2
   251 | D:1      | Reached skill level 6 in Stealth
   385 | D:1      | Found Ocaacle's Antique Weapon Shoppe.
   854 | D:2      | Noticed Terence
   872 | D:2      | Killed Terence
   873 | D:2      | Reached XP level 3. HP: 18/24 MP: 3/3
  1232 | D:2      | Reached XP level 4. HP: 26/29 MP: 4/4
  1497 | D:2      | Found Boem's Magic Scroll Boutique.
  1505 | D:2      | Bought a scroll of identify for 28 gold pieces
  1643 | D:3      | Found a faded altar of an unknown god.
  1709 | D:3      | Reached skill level 7 in Stealth
  1768 | D:3      | Noticed Jessica
  1775 | D:3      | Killed Jessica
  1824 | D:3      | Found a shadowy altar of Dithmenos.
  1861 | D:3      | Reached XP level 5. HP: 34/34 MP: 5/5
  2423 | D:2      | Bought a scroll of fog for 28 gold pieces
  2423 | D:2      | Bought a scroll of fear for 49 gold pieces
  2617 | D:4      | Noticed Grinder
  2625 | D:4      | Killed from afar by a gnoll

Illustrated notes

Levels and vault maps discovered:
D:1:      dpeg_arrival_tiny_a, layout_rooms, serial_shops, shop,
          minmay_misc_feat_plants
D:2:      layout_basic, serial_shops, nicolae_lakefront_shop,
          amcnicky_mini_pool_small, minmay_pentomino_o2, uniq_terence
D:3:      layout_loops_ring, grunt_dithmenos_smoke,
          shapermc_ecumenical_altar_mp_ritualfount, dk_noncrumbling_2,
          uniq_jessica
D:4:      layout_basic, nicolae_elyvilon_temple_path, moated_statue,
          uniq_grinder, uniq_robin, uniq_crazy_yiuf_cottage

Skill      XL: |  1  2  3  4 |
---------------+-------------+-----
Stealth        | 6 7 |  7.7
Short Blades   | 3 |  3.2
Fighting       | |  2.0
Throwing       | |  2.9
Dodging        | |  1.0

Action                   |  1- 3 |  4- 6 || total
-------------------------+-------+-------++-------
Melee: Dagger            |    46 |    65 ||   111
       Constrict         |    10 |    11 ||    21
       Tentacles         |     6 |     7 ||    13
Throw: Dart              |     3 |       ||     3
  Use: Scroll            |       |     2 ||     2
 Stab: Sleeping          |     9 |    12 ||    21
       Distracted        |       |     1 ||     1
Armor: Skin              |     6 |     1 ||     7
Dodge: Dodged            |    18 |    30 ||    48
